 Dungeon Crawl Stone Soup version 0.26.1-11-gd32895ea62 (webtiles) character file.

Game seed: 13618802401490641228

15215 Kukuleta the Spear-Bearer (level 12, -3/89 HPs)
             Began as a Merfolk Ice Elementalist on June 22, 2021.
             Was a Priest of Vehumet.
             Slain by an eight-headed hydra (4 damage)
             ... on level 10 of the Dungeon on June 23, 2021.
             The game lasted 01:38:19 (20328 turns).

Kukuleta the Spear-Bearer (MfIE)                   Turns: 20328, Time: 01:38:21

Health: -3/89      AC:  9    Str: 20    XL:     12   Next: 24%
Magic:  21/21      EV: 19    Int: 17    God:    Vehumet [***...]
Gold:   400        SH:  5    Dex: 17    Spells: 4/23 levels left

rFire    + . .     SeeInvis .   F - +2 spear (freeze)
rCold    . . .     Faith    .   (no shield)
rNeg     . . .     Spirit   .   L - +3 leather armour {rPois}
rPois    +         Reflect  +   (helmet restricted)
rElec    .         Harm     .   W - +0 cloak
rCorr    .         Rampage  .   r - +0 pair of gloves
Will     .....     Clarity  +   (no boots)
Stlth    ++........             G - amulet of reflection
HPRegen  0.24/turn              i - +6 ring of strength
MPRegen  0.17/turn              y - +6 ring of strength

@: very slightly contaminated
A: change form in water, swift swim, stealthy swim, antennae 1, blurry vision 1,
clarity, fire resistance 1
a: Renounce Religion


You were on level 10 of the Dungeon.
You worshipped Vehumet.
Vehumet was most pleased with you.
You visited 2 branches of the dungeon, and saw 12 of its levels.
You also visited: Ossuary.

You collected 637 gold pieces.
You spent 237 gold pieces at shops.

Inventory:

Hand Weapons
 b - a +0 dagger
 h - a +1 vampiric short sword
 C - the cursed +0 flail "Opurr" {drain, rF+ Dex+3}
   (You found it on level 4 of the Dungeon)

   A truly terrible weapon, it drains the life of those it strikes.
   It affects your dexterity (+3).
   It protects you from fire.
   It has a curse placed upon it.
 D - a +1 trident
 F - a +2 spear of freezing (weapon)
 K - a +0 halberd
 R - a +5 vorpal glaive
Armour
 a - a +0 robe
 r - a +0 pair of gloves (worn)
 u - a +0 leather armour
 L - a +3 leather armour of poison resistance (worn)
 T - a +1 leather armour of cold resistance
 W - a +0 cloak (worn)
 Y - a +0 troll leather armour
Jewellery
 d - an uncursed amulet of faith
 i - a +6 ring of strength (left hand)
 n - an uncursed amulet of the acrobat
 w - a +4 ring of protection {unknown}
 y - a +6 ring of strength (right hand)
 G - an amulet of reflection (around neck)
 N - an uncursed ring of see invisible
 P - a cursed ring of attention {unknown}
Wands
 E - a wand of polymorph (2)
 S - a wand of iceblast (11)
 X - a wand of random effects (17)
Scrolls
 c - 2 scrolls of amnesia
 e - 2 scrolls of magic mapping
 j - a scroll of identify
 k - 7 scrolls of teleportation
 m - a scroll of remove curse
 q - a scroll of random uselessness {unknown}
 t - a scroll of blinking
 B - a scroll of enchant armour
 H - a scroll of fog {unknown}
 I - 4 scrolls of immolation
 Q - a scroll of vulnerability {unknown}
 U - a scroll of enchant weapon
Potions
 f - 5 potions of heal wounds
 g - a potion of might {unknown}
 l - 3 potions of lignification
 o - 5 potions of curing
 p - a potion of magic
 s - 3 potions of mutation
 v - 2 potions of degeneration
 x - a potion of berserk rage {unknown}
 z - a potion of haste
 A - 2 potions of brilliance
 J - a potion of attraction
 M - 3 potions of flight {unknown}
 V - a potion of ambrosia {unknown}
Miscellaneous
 Z - a phantom mirror


   Skills:
 + Level 6.3 Fighting
 + Level 13.0 Polearms
 - Level 5.0 Armour
 + Level 9.7 Dodging
 - Level 2.2 Stealth
 - Level 6.0 Spellcasting
 + Level 3.8 Hexes
 * Level 7.5 Summonings
 - Level 9.2 Ice Magic


You had 4 spell levels left.
You knew the following spells:

 Your Spells              Type           Power        Failure   Level
a - Freeze                Ice            100%         1%          1
b - Ozocubu's Armour      Ice            36%          1%          3
c - Frozen Ramparts       Ice            72%          1%          3
d - Summon Ice Beast      Ice/Summ       33%          4%          4
e - Yara's Violent Unrav  Hex/Tmut       5%           41%         5
f - Confusing Touch       Hex            18%          9%          3

Your spell library contained the following spells:

 Spells                   Type           Power        Failure   Level
 Iskenderun's Mystic Bla  Conj/Tloc      5%           34%         4
 Summon Small Mammal      Summ           100%         1%          1
 Corona                   Hex            20%          3%          1
 Hailstorm                Conj/Ice       20%          6%          4
 Animate Skeleton         Necr           10%          14%         1
 Apportation              Tloc           10%          14%         1
 Gell's Gravitas          Tloc           2%           41%         3
 Petrify                  Tmut/Erth      5%           82%         4
 Metabolic Englaciation   Hex/Ice        13%          28%         5
 Bolt of Magma            Conj/Fire/Erth 2%           67%         5
 Iskenderun's Battlesphe  Conj           5%           67%         5
 Iron Shot                Conj/Erth      2%           99%         6
 Spellforged Servitor     Conj/Summ      8%           99%         7
 Orb of Destruction       Conj           2%           100%        7


Dungeon Overview and Level Annotations

Branches:
Dungeon (11/15)            Temple (1/1) D:6            Lair (0/6) D:10
    Orc (0/2) D:10        Ossuary (visited)

Altars:
Ashenzari
Cheibriados
Dithmenos
Elyvilon
Fedhas
Gozag
Hepliaklqana
Kikubaaqudgha
Makhleb
Nemelex Xobeh
Okawaru
Qazlal
Ru
Sif Muna
Trog
Uskayaw
Vehumet
Wu Jian
Xom
Yredelemnul
Zin
The Shining One

Shops:
D:6 *   D:9 (

Annotations:
D:3 Sigmund


Innate Abilities, Weirdness & Mutations

You revert to your normal form in water.
You are very nimble and swift while swimming.
You are very stealthy in the water. (Stealth+)
You have a pair of small antennae on your head.
Scrolls take you a little longer to read.
You possess an exceptional clarity of mind.
Your flesh is heat resistant. (rF+)


Message History

The eight-headed hydra barely misses you.
The eight-headed hydra bites you but does no damage.
The eight-headed hydra barely misses you.
The eight-headed hydra closely misses you.
The eight-headed hydra misses you. x2; The eight-headed hydra bites you!
* * * LOW HITPOINT WARNING * * *
You are very lightly contaminated with residual magic.
Things that are here:
a +0 leather armour; a +0 robe; a +0 dagger You see here a cursed -3 mace.
You flicker for a moment.
The eight-headed hydra roars!
There is a stone staircase leading up here.
You flicker back into view.
The eight-headed hydra roars!
The eight-headed hydra bites you.
* * * LOW HITPOINT WARNING * * *
The eight-headed hydra closely misses you.
The eight-headed hydra bites you.
You die...

#.##.#.###†######## #.#
#.##.#..#.........# #.# #
#.##.###.#.######.# #.###
#.##.# ##........[# #.<..
#.##.# #..######## ####.
#.##.# #..# #. #.##.# #..# #.
#######.##.# #..# #.
#.......^..# #.@# #.
#.#####.##.#
#.D###############. #.#
#.##.####..................
#.#
###.##......#################
#.###......)#(.....(...# #
#.#>[.......>........#.#
#.#[#.........######.<.##
#.#.........###.........#
#.##)..(....# #.#####...#
####


You could see an eight-headed hydra.

Vanquished Creatures
  A hydra (D:10)
  2 two-headed ogres
  Erica (D:8)
  Pikel (D:6)
  An ugly thing (D:10)
  Joseph (D:8)
  2 gargoyles (D:10)
  Maggie (D:6)
  A komodo dragon (D:10)
  2 trolls (D:10)
  A hornet (D:9)
  11 yaks (D:10)
  A shadow (D:10)
  2 wyverns
  Eustachio (D:6)
  3 vampire mosquitoes (D:10)
  A chaos spawn (D:6)
  Duvessa (D:7)
  A soldier ant (D:10)
  An acid dragon (D:10)
  7 orc warriors
  2 ice beasts
  A hornet zombie (D:10)
  2 sky beasts
  2 black bears
  3 ogres
  2 phantoms
  5 centaurs
  2 necrophages
  2 wolves (D:10)
  3 lemures (D:6)
  A big kobold (D:10)
  5 bullfrogs
  A water moccasin skeleton (D:5)
  9 scorpions
  18 killer bees
  Dowan (D:7)
  9 wights
  3 electric eels (D:10)
  2 howler monkeys
  A bullfrog zombie (D:6)
  4 centaur zombies
  10 hounds
  A human zombie (Ossuary)
  A jelly (D:9)
  6 orc wizards
  A gnoll shaman (D:6)
  2 orc priests (D:10)
  3 bullfrog skeletons
  Crazy Yiuf (D:5)
  Jessica (D:3)
  7 worker ants
  5 hound skeletons
  3 mummies (Ossuary)
  9 gnolls
  9 adders
  2 scorpion zombies (Ossuary)
  A white imp (D:9)
  2 adder skeletons
  A worm (D:2)
  2 dart slugs
  The ghost of ciphuk the Sneak, a weakling VSBr (D:3)
  3 leopard geckos
  33 orcs
  3 giant cockroaches
  A gnoll zombie (Ossuary)
  A goblin (D:1)
  5 hobgoblins
  7 jackals
  4 bats (D:1)
  5 frilled lizards
  A goblin zombie (Ossuary)
  9 kobolds
  2 kobold zombies (Ossuary)
  A leopard gecko zombie (D:7)
  4 orc zombies (Ossuary)
  6 rats
274 creatures vanquished.

Vanquished Creatures (others)
  A necrophage (D:11)
  3 scorpions
4 creatures vanquished.

Grand Total: 278 creatures vanquished

Notes
Turn   | Place    | Note
-------+----------+-------------------------------------------
     0 | D:1      | Kukuleta the Merfolk Ice Elementalist began the quest for
                  | the Orb.
     0 | D:1      | Reached XP level 1. HP: 13/13 MP: 3/3
   350 | D:1      | Reached XP level 2. HP: 14/19 MP: 3/5
   834 | D:1      | Reached skill level 5 in Ice Magic
  1676 | D:2      | Reached XP level 3. HP: 25/25 MP: 4/6
  2365 | D:2      | Found a snail-covered altar of Cheibriados.
  2393 | D:2      | Reached skill level 1 in Fighting
  2720 | D:3      | Noticed Jessica
  2920 | D:3      | Killed Jessica
  2921 | D:3      | Reached XP level 4. HP: 13/32 MP: 3/7
  3180 | D:3      | Learned a level 3 spell: Ozocubu's Armour
  3184 | D:3      | Learned a level 3 spell: Frozen Ramparts
  3276 | D:3      | Found a faded altar of an unknown god.
  3315 | D:3      | Noticed ciphuk's ghost (weakling VSBr)
  3319 | D:3      | Found a runed translucent door.
  3331 | D:3      | Killed ciphuk's ghost
  3360 | D:3      | Reached skill level 1 in Armour
  3509 | D:3      | Noticed Sigmund
  3623 | D:4      | Reached XP level 5. HP: 29/37 MP: 3/8
  4083 | D:4      | Got a scorched flail
  4306 | D:4      | Identified the cursed +0 flail "Opurr" {drain, rF+ Dex+3}
                  | (You found it on level 4 of the Dungeon)
  4521 | D:5      | Entered Level 5 of the Dungeon
  4532 | D:5      | Reached skill level 1 in Polearms
  4711 | D:5      | Noticed a centaur
  4724 | D:5      | Killed a centaur
  4725 | D:5      | Reached skill level 2 in Polearms
  4725 | D:5      | Reached XP level 6. HP: 22/43 MP: 2/9
  4891 | D:5      | Found a sand-covered staircase.
  4899 | Ossuary  | Entered an ossuary
  5143 | Ossuary  | Reached skill level 3 in Polearms
  5331 | Ossuary  | Reached XP level 7. HP: 46/48 MP: 2/10
  5419 | Ossuary  | Reached skill level 4 in Polearms
  6320 | Ossuary  | Reached skill level 5 in Polearms
  7194 | D:5      | Gained mutation: Scrolls take you a little longer to read.
                  | [potion of mutation]
  7194 | D:5      | Gained mutation: Your flesh is heat resistant. (rF+)
                  | [potion of mutation]
  7194 | D:5      | Gained mutation: You possess an exceptional clarity of
                  | mind. [potion of mutation]
  7194 | D:5      | Gained mutation: You have a pair of small antennae on your
                  | head. [potion of mutation]
  7381 | D:5      | Reached XP level 8. HP: 35/54 MP: 9/11
  7564 | D:5      | Found a shimmering altar of Xom.
  7737 | D:5      | Reached skill level 5 in Armour
  7876 | D:5      | Reached skill level 6 in Polearms
  8104 | D:5      | Found a runed translucent door.
  8105 | D:5      | Noticed Crazy Yiuf
  8123 | D:5      | Killed Crazy Yiuf
  8351 | D:6      | Noticed Grinder
  8361 | D:6      | Paralysed by Grinder for 6 turns
  8375 | D:6      | Noticed Eustachio
  8383 | D:6      | Killed Eustachio
  8685 | D:6      | Found Fenan's Fabulous Fripperies.
  8729 | D:6      | Noticed Maggie
  8730 | D:6      | Noticed Pikel
  8767 | D:6      | Killed Pikel
  8768 | D:6      | Reached skill level 7 in Polearms
  8768 | D:6      | Reached XP level 9. HP: 50/61 MP: 7/14
  8774 | D:6      | Killed Maggie
  8775 | D:6      | Reached skill level 8 in Polearms
  9004 | D:6      | Paralysed by Grinder for 2 turns
  9010 | D:6      | Paralysed by Grinder for 4 turns
  9039 | D:6      | Noticed Grinder
  9039 | D:6      | Grinder changed into Grinder the chaos spawn
  9044 | D:6      | Killed Grinder the chaos spawn
  9167 | D:6      | Found a sparkling altar of Nemelex Xobeh.
  9172 | D:6      | Found a burning altar of Makhleb.
  9260 | D:6      | Found a staircase to the Ecumenical Temple.
  9291 | D:6      | Reached skill level 5 in Dodging
  9383 | D:6      | Reached skill level 9 in Polearms
  9423 | Temple   | Entered the Ecumenical Temple
  9527 | Temple   | Became a worshipper of Vehumet
  9978 | D:6      | Found a stormy altar of Qazlal.
 10501 | D:7      | Noticed Duvessa
 10501 | D:7      | Noticed Dowan
 10790 | D:7      | Killed Dowan
 10798 | D:7      | Killed Duvessa
 11501 | D:7      | Reached skill level 10 in Polearms
 11954 | D:7      | Reached XP level 10. HP: 49/67 MP: 8/16
 12698 | D:8      | Found an ornate altar of the Wu Jian Council.
 12950 | D:8      | Learned a level 6 spell: Iron Shot
 13018 | D:8      | Noticed Joseph
 13024 | D:8      | Killed Joseph
 13024 | D:8      | Reached * piety under Vehumet
 13024 | D:8      | Offered knowledge of Sandblast by Vehumet.
 13025 | D:8      | Reached skill level 11 in Polearms
 13025 | D:8      | Reached skill level 5 in Spellcasting
 13035 | D:8      | Learned a level 4 spell: Summon Ice Beast
 13276 | D:8      | Noticed Erica
 13577 | D:8      | Reached skill level 1 in Summonings
 13737 | D:8      | Killed Erica
 14196 | D:8      | Learned a level 5 spell: Yara's Violent Unravelling
 14719 | D:9      | Found Loavud's Antique Weapon Shop.
 14722 | D:9      | Bought a glowing glaive for 237 gold pieces
 14755 | D:9      | Noticed a two-headed ogre
 14767 | D:9      | Killed a two-headed ogre
 14768 | D:9      | Reached XP level 11. HP: 68/77 MP: 16/19
 14867 | D:9      | Offered knowledge of Foxfire by Vehumet.
 14868 | D:9      | Reached ** piety under Vehumet
 15130 | D:9      | Found a sacrificial altar of Ru.
 15486 | D:10     | Entered Level 10 of the Dungeon
 15536 | D:10     | Reached skill level 12 in Polearms
 15763 | D:10     | Found a staircase to the Orcish Mines.
 15790 | D:10     | Reached skill level 1 in Hexes
 15796 | D:10     | Noticed a two-headed ogre
 15804 | D:10     | Killed a two-headed ogre
 15805 | D:10     | Reached skill level 5 in Summonings
 16405 | D:10     | Reached skill level 5 in Fighting
 16412 | D:10     | Offered knowledge of Ignite Poison by Vehumet.
 16677 | D:10     | Reached *** piety under Vehumet
 17539 | D:10     | Found a staircase to the Lair.
 18154 | D:11     | Noticed a seven-headed hydra
 18358 | D:11     | Noticed a brown ugly thing
 18363 | D:10     | Reached XP level 12. HP: 73/87 MP: 21/21
 19698 | D:10     | Offered knowledge of Iskenderun's Mystic Blast by Vehumet.
 19705 | D:10     | Learned a level 3 spell: Confusing Touch
 19976 | D:11     | Noticed an eight-headed hydra
 19992 | D:10     | Killed an eight-headed hydra
 19993 | D:10     | Reached skill level 13 in Polearms
 20313 | D:10     | HP: 4/89 [eight-headed hydra (11)]
 20328 | D:10     | HP: 1/89 [eight-headed hydra (6)]
 20328 | D:10     | Slain by an eight-headed hydra

Illustrated notes

Levels and vault maps discovered:
D:1:      psy_arrival_basics, layout_loops_ring
D:2:      layout_basic, lemuel_crystal_altar, minmay_pentomino_r4
D:3:      layout_basic, chequers_ecumenical_altar_island,
          hellmonk_ghost_happy_afterlife, uniq_sigmund, uniq_jessica, uniq_ijyb
D:4:      layout_loops_ring
D:5:      layout_gridville, nicolae_ossuary_entry_ruins, tgw_xom,
          uniq_crazy_yiuf_cottage
D:6:      layout_basic, grunt_qazlal_clouds, minitemple,
          minmay_temple_entry_ruins, minmay_liquid_box, nicolae_alphabet_shops,
          uniq_eustachio, uniq_grinder, uniq_maggie, uniq_pikel
D:7:      layout_gridville, uniq_duvessa
D:8:      layout_basic, nzn_wu_jian_contemplation, uniq_erica, uniq_joseph
D:9:      layout_rooms, nicolae_ru_awakened_eye, serial_shops, shop
D:10:     layout_loops_ring, erik_lair_island, orc_0_dummy
D:11:     layout_gridville, serial_shops, nicolae_shop_stone, pond
Temple:   eino_temple_rhombus

Skill      XL: |  1  2  3  4  5  6  7  8  9 10 11 12 |
---------------+-------------------------------------+-----
Ice Magic      | 5 6 8 9 |  9.2
Fighting       | 1 2 4 5 6 |  6.3
Armour         | 1 2 3 4 5 |  5.0
Polearms       | 2 3 5 7 10 11 12 13 | 13.0
Dodging        | 4 6 7 9 |  9.7
Spellcasting   | 3 4 5 6 |  6.0
Summonings     | 4 6 7 |  7.5
Hexes          | 3 |  3.8
Stealth        | |  2.2

Action                   |  1- 3 |  4- 6 |  7- 9 | 10-12 || total
-------------------------+-------+-------+-------+-------++-------
Melee: Dagger            |     5 |       |       |       ||     5
       Unarmed           |     3 |       |       |       ||     3
       Short sword       |    33 |    27 |       |       ||    60
       Trident           |       |    42 |   354 |   141 ||   537
       Glaive            |       |       |       |   201 ||   201
 Cast: Freeze            |    32 |    45 |    70 |    73 ||   220
       Ozocubu's Armour  |       |     1 |    18 |    29 ||    48
       Frozen Ramparts   |       |       |     7 |    26 ||    33
       Summon Ice Beast  |       |       |       |     1 ||     1
Evoke: Wand              |       |       |     1 |     1 ||     2
  Use: Scroll            |     4 |     3 |     7 |    11 ||    25
       Potion            |       |       |     8 |     7 ||    15
 Stab: Sleeping          |     3 |     2 |     4 |     8 ||    17
Armor: Robe              |    10 |       |       |       ||    10
       Leather armour    |       |    17 |    67 |    91 ||   175
Dodge: Dodged            |    54 |    73 |   196 |   355 ||   678
Block: Other             |       |       |    64 |   101 ||   165
       Reflection        |       |       |     1 |     5 ||     6
